Map: Année zéro EC

Players

CannaCanna - Winner!

  • Race: Zerg Zerg
  • League: Diamond
  • Spawn Location: 1:00

Sorandom

  • Race: Zerg Zerg
  • League: Diamond
  • Spawn Location: 11:00

VOD

Have the link to the VOD?

Description

Time

  • Played on: April 12, 2019, 9:30 p.m.
  • Length: 4:24
Show
View Real Time Build Order
Export as new Build Order

CannaCanna Zerg - Winner!

Build Orders: Hatch First 

Get SALT Encoding   

  12  0:01  Drone  
  13  0:13  Overlord  
  13  0:18  Drone  
  14  0:32  Drone x2  
  16  0:35  Drone  
  17  0:56  Hatchery  
  16  0:58  Drone  
  16  1:01  Drone  
  18  1:15  Spawning Pool  
  18  1:17  Drone  
  18  1:20  Extractor  
  18  1:23  Drone  
  18  1:29  Drone  
  19  1:39  Overlord  
  19  1:55  Drone  
  19  2:01  Overlord  
  20  2:04  Queen  
  22  2:08  Queen  
  22  2:09  Drone  
  22  2:14  Drone  
  26  2:20  Zergling x2  
  27  2:27  Drone  
  28  2:33  Metabolic Boost  
  28  2:39  Roach Warren  
  28  2:41  Drone  
  28  2:43  Drone  
  29  2:44  Drone  
  29  2:50  Drone  
  31  2:55  Drone x2  
  33  3:02  Drone  
  34  3:09  Drone  
  35  3:25  Extractor  
  35  3:26  Lair  
  34  3:27  Roach x3  
  34  3:32  Drone  
  41  3:40  Roach  
  42  3:44  Spine Crawler  
  42  3:45  Spine Crawler, Zergling x2  
  42  3:46  Zergling x6  
  44  3:53  Roach  
  44  3:54  Zergling x4  
  44  3:59  Zergling x4  
Show
View Real Time Build Order
Export as new Build Order

Sorandom Zerg 

Build Orders: Hatch First 

Get SALT Encoding   

  12  0:03  Drone  
  13  0:13  Overlord  
  13  0:18  Drone  
  14  0:31  Drone x2  
  16  0:38  Drone  
  17  0:55  Hatchery  
  16  1:08  Spawning Pool  
  16  1:10  Extractor  
  14  1:13  Drone  
  14  1:16  Drone  
  16  1:20  Drone  
  17  1:27  Overlord  
  17  1:32  Extractor  
  16  1:39  Drone  
  17  1:46  Drone  
  18  1:56  Roach Warren  
  17  2:36  Roach x2  
  17  2:37  Roach x4  
  29  2:57  Ravager x3  
  32  3:04  Roach  
  34  3:09  Roach, Overlord  
  36  3:28  Roach x3  
  36  3:30  Roach  
  44  4:04  Overlord x3  
  36  4:14  Ravager  
Tags
 
Matchup
ZvZ
Race
Zerg
Replay Pack
Pack
Spawn Locations
Close Positions
Add a new tag
Caveats
  • Supply blocks, unpowered buildings, or Contaminate may cause inaccurate times.
  • Supply counts are checked every 10 seconds.